 Dungeon Crawl Stone Soup version 0.20.1-1-g8b1a95d (webtiles) character file.

4342 AverageBear the Nimble (level 10, -5/54 HPs)
             Began as a Deep Elf Fighter on July 20, 2017.
             Was a Believer of Ashenzari.
             Slain by a freezing wraith (8 damage)
             ... on level 7 of the Dungeon.
             The game lasted 00:12:14 (9614 turns).

AverageBear the Nimble (Deep Elf Fighter)           Turns: 9614, Time: 00:12:15

Health: -5/54      AC: 11    Str: 18    XL:     10   Next: 12%
Magic:  12/12      EV: 18    Int: 14    God:    Ashenzari [**....]
Gold:   601        SH:  5    Dex: 17    Spells: 9/9 levels left

rFire    + . .     SeeInvis .   a - +0 rapier
rCold    + . .     Gourm    .   A - +0 buckler
rNeg     . . .     Faith    .   b - +0 scale mail
rPois    +         Spirit   .   (no helmet)
rElec    +         Reflect  .   (no cloak)
rCorr    +         Harm     .   (no gloves)
MR       +....                  (no boots)
Stlth    +++.......             (no amulet)
Regen    0.2/turn               o - +2 ring of evasion
MPRegen  0.2/turn               s - +3 ring of dexterity

@: resistant, slowed, very slow
A: icy blue scales 1, yellow scales 1, blurry vision 1, sense surroundings 1,
strong 1
a: Curse Item, Scrying, Renounce Religion


You were on level 7 of the Dungeon.
You worshipped Ashenzari.
Ashenzari was pleased with you.
You were not hungry.

You visited 2 branches of the dungeon, and saw 8 of its levels.

You collected 601 gold pieces.

Inventory:

Hand Weapons
 a - a +0 rapier (weapon)
Armour
 b - a +0 scale mail (worn)
 c - a +0 shield
 A - a +0 buckler (worn)
Jewellery
 j - an uncursed ring of fire
 m - an uncursed ring of protection from cold
 o - a +2 ring of evasion (left hand)
 s - a +3 ring of dexterity (right hand)
 B - an uncursed ring of resist corrosion
Wands
 q - a wand of iceblast (13/15)
 E - a wand of lightning (7/15)
Scrolls
 d - a scroll of enchant weapon
 e - a scroll of fear
 g - a scroll of immolation
 h - a scroll of amnesia
 i - 5 scrolls of remove curse
 l - 9 scrolls of identify
 n - 4 scrolls of fog
 p - 2 scrolls of noise
 y - a scroll of recharging
Potions
 r - a potion of mutation
 u - a potion of heal wounds
 C - 2 potions of flight
Books
 t - a book of Cantrips

   Spells                             Type                      Level
   a - Confusing Touch                Hexes                        1
   b - Animate Skeleton               Necromancy                   1
   c - Summon Small Mammal            Summoning                    1
   d - Apportation                    Translocation                1
 z - a book of Flames

   Spells                             Type                      Level
   a - Flame Tongue                   Conjuration/Fire             1
   b - Throw Flame                    Conjuration/Fire             2
   c - Conjure Flame                  Conjuration/Fire             3
   d - Inner Flame                    Hexes/Fire                   3
   e - Sticky Flame                   Conjuration/Fire             4
   f - Fireball                       Conjuration/Fire             5
Comestibles
 f - 9 bread rations
 k - 3 meat rations
 w - 5 fruits
 x - a royal jelly


   Skills:
 - Level 2.4 Fighting
 + Level 8.2 Short Blades
 - Level 4.2 Armour
 - Level 10.2 Dodging
 - Level 8.5 Stealth
 - Level 4.2 Shields


You had 9 spell levels left.
You didn't know any spells.

Dungeon Overview and Level Annotations

Branches:
Dungeon (7/15)             Temple (1/1) D:4

Altars:
Ashenzari
Cheibriados
Dithmenos
Elyvilon
Hepliaklqana
Okawaru
Qazlal
Ru
Trog
Vehumet
Xom
Yredelemnul
Zin
The Shining One

Shops:
D:7 !

Annotations:
D:2 Grinder


Innate Abilities, Weirdness & Mutations

You are partially covered in icy blue scales. (AC +2)
You are partially covered in yellow scales. (AC +2)
Scrolls take you a little longer to read.
You passively map a small area around you.
Your muscles are strong. (Str +2)


Message History

* * * LOW HITPOINT WARNING * * *
The freezing wraith freezes you. You resist.
* * * LOW HITPOINT WARNING * * *
The freezing wraith hits you.
* * * LOW HITPOINT WARNING * * *
The freezing wraith drains your vigour!
You feel as though you will be slow longer.
Okay, then.
Okay, then.
You block the freezing wraith's attack. The freezing wraith closely misses you.
The freezing wraith barely misses you.
The freezing wraith hits you but does no damage.
The freezing wraith misses you. The freezing wraith hits you!
* * * LOW HITPOINT WARNING * * *
The freezing wraith drains your vigour!
You feel as though you will be slow longer.
The freezing wraith hits you.
* * * LOW HITPOINT WARNING * * *
The freezing wraith freezes you! You resist.
You die...

* #.## #####+###
#####...
#.......##...##.##
#.......#.....#.#
#....8..'.....#.#
#.......#.....#.#
#.......##...##.#
#W###'#########.#
#@##...##.......#
#.#.....#.#######
#.#..)..#.#
#.#.....#.#
#.##...##.#
#.#######.#
#.........#
###########


You could see a freezing wraith.

Vanquished Creatures
  The ghost of Morgon the Slasher, a novice HaFi (D:5)
  A hippogriff (D:7)
  The ghost of AverageBear the Cutter, an amateur DEFi (D:4)
  A spriggan (D:7)
  Sigmund (D:5)
  A water moccasin (D:4)
  The ghost of AverageBear the Cutter, an amateur DEFi (D:3)
  Duvessa (D:4)
  An orc warrior (D:6)
  2 sky beasts (D:6)
  A phantom (D:4)
  2 ice beasts
  4 ogres
  2 centaurs
  5 bullfrogs
  Dowan (D:4)
  3 scorpions
  A howler monkey (D:5)
  3 jellies
  3 crimson imps
  A bullfrog zombie (D:6)
  2 centaur zombies (D:7)
  4 hounds
  3 orc priests
  A bullfrog skeleton (D:6)
  9 orc wizards
  2 iguanas
  5 worker ants
  A hound zombie (D:7)
  2 hound skeletons (D:7)
  2 worker ant zombies (D:6)
  8 gnolls
  2 howler monkey skeletons
  13 adders
  2 shadow imps
  4 oozes
  A worm (D:5)
  2 dart slugs
  6 leopard geckos
  23 orcs
  13 bats
  4 giant cockroaches
  9 goblins
  8 hobgoblins
  2 jackals (D:3)
  2 quokkas (D:2)
  5 ball pythons
  8 frilled lizards
  A giant cockroach zombie (D:7)
  A jackal skeleton (D:6)
  3 kobolds
  2 rats
  A fungus (D:7)
188 creatures vanquished.

Vanquished Creatures (others)
  An orc wizard (D:2)
1 creature vanquished.

Grand Total: 189 creatures vanquished

Notes
Turn   | Place    | Note
-------+----------+-------------------------------------------
     0 | D:1      | AverageBear the Deep Elf Fighter began the quest for the Orb.
     0 | D:1      | Reached XP level 1. HP: 13/13 MP: 3/3
    65 | D:1      | Reached XP level 2. HP: 9/18 MP: 4/4
   902 | D:2      | Found a stormy altar of Qazlal.
   997 | D:2      | Found a shattered altar of Ashenzari.
  1007 | D:2      | Became a worshipper of Ashenzari the Shackled
  1014 | D:2      | Reached XP level 3. HP: 18/22 MP: 5/5
  1470 | D:2      | Found a shimmering altar of Xom.
  1983 | D:3      | Gained mutation: Scrolls take you a little longer to read. [potion of mutation]
  1983 | D:3      | Gained mutation: You are partially covered in icy blue scales. (AC +2) [potion of mutation]
  1983 | D:3      | Gained mutation: Your muscles are strong. (Str +2) [potion of mutation]
  1983 | D:3      | Gained mutation: You are partially covered in yellow scales. (AC +2) [potion of mutation]
  1991 | D:3      | Reached XP level 4. HP: 21/27 MP: 6/6
  2063 | D:3      | Noticed AverageBear's ghost (amateur DEFi)
  2067 | D:3      | Killed AverageBear's ghost
  2067 | D:3      | Reached skill level 3 in Dodging
  2067 | D:3      | Reached XP level 5. HP: 29/31 MP: 7/7
  2081 | D:3      | Found a glowing golden altar of the Shining One.
  2137 | D:3      | Reached skill level 4 in Dodging
  2144 | D:3      | Found a snail-covered altar of Cheibriados.
  2212 | D:2      | Reached skill level 5 in Dodging
  2214 | D:2      | Reached XP level 6. HP: 28/36 MP: 8/8
  2435 | D:3      | Found a sacrificial altar of Ru.
  2524 | D:3      | Noticed Grinder
  2842 | D:4      | Reached skill level 5 in Short Blades
  3286 | D:4      | Reached * piety under Ashenzari
  3300 | D:4      | Noticed AverageBear's ghost (amateur DEFi)
  3317 | D:4      | Killed AverageBear's ghost
  3317 | D:4      | Reached XP level 7. HP: 32/40 MP: 9/9
  3360 | D:4      | Noticed Duvessa
  3360 | D:4      | Noticed Dowan
  3376 | D:4      | Killed Duvessa
  3402 | D:4      | Killed Dowan
  3879 | D:4      | Found a staircase to the Ecumenical Temple.
  3909 | D:4      | Reached XP level 8. HP: 33/45 MP: 10/10
  4013 | Temple   | Entered the Ecumenical Temple
  4591 | D:5      | Entered Level 5 of the Dungeon
  4604 | D:5      | Found a radiant altar of Vehumet.
  4743 | D:5      | Noticed Morgon's ghost (novice HaFi)
  5660 | D:5      | Noticed Sigmund
  5673 | D:5      | Killed Sigmund
  6178 | D:5      | Killed Morgon's ghost
  6178 | D:5      | Reached XP level 9. HP: 16/49 MP: 11/11
  7096 | D:6      | Reached ** piety under Ashenzari
  7130 | D:6      | Gained mutation: You passively map a small area around you. [mutagenic meat]
  7502 | D:7      | Reached skill level 6 in Dodging
  7762 | D:6      | Reached skill level 7 in Dodging
  7968 | D:6      | Reached skill level 8 in Dodging
  8282 | D:7      | Reached skill level 9 in Dodging
  8836 | D:7      | Reached XP level 10. HP: 28/54 MP: 12/12
  9017 | D:7      | Found a shadowy altar of Dithmenos.
  9020 | D:7      | Reached skill level 10 in Dodging
  9279 | D:7      | Found Reev's Distillery.
  9614 | D:7      | Slain by a freezing wraith

Skill      XL: |  1  2  3  4  5  6  7  8  9 10 |
---------------+-------------------------------+-----
Short Blades   | 3 4 5 8 |  8.2
Dodging        | 3 5 9 10 | 10.2
Armour         | 4 |  4.2
Shields        | 4 |  4.2
Stealth        | 6 8 |  8.5
Fighting       | |  2.4

Action                   |  1- 3 |  4- 6 |  7- 9 | 10-12 || total
-------------------------+-------+-------+-------+-------++-------
Melee: Rapier            |   120 |   223 |   706 |    76 ||  1125
Evoke: Wand              |       |       |     2 |       ||     2
  Use: Potion            |     2 |     4 |     3 |     3 ||    12
       Scroll            |       |     5 |     5 |       ||    10
 Stab: Sleeping          |       |       |     8 |     5 ||    13
       Distracted        |       |       |     1 |     1 ||     2
  Eat: Chunk             |     3 |     5 |    21 |     2 ||    31
       Fruit             |       |       |     1 |       ||     1
Armor: Scale mail        |    66 |   105 |   194 |     9 ||   374
Dodge: Dodged            |    29 |   102 |   290 |    43 ||   464
Block: Shield            |    65 |   100 |   271 |       ||   436
       Buckler           |       |       |    15 |    17 ||    32
